 Dungeon Crawl Stone Soup version 0.25-b1-37-g2669288c55 (webtiles) character file.

Game seed: 7331054919509874893

13594 nightchill the Cleaver (level 12, -3/98 HPs)
             Began as a Formicid Abyssal Knight on June 4, 2020.
             Was a Believer of Lugonu.
             Slain by a 12-headed hydra (5 damage)
             ... on level 1 of the Lair of Beasts.
             The game lasted 00:50:16 (19762 turns).

nightchill the Cleaver (Formicid Abyssal Knight)   Turns: 19762, Time: 00:50:17

Health: -3/98      AC: 11    Str: 21    XL:     12   Next: 34%
Magic:  21/21      EV:  8    Int: 13    God:    Lugonu [**....]
Gold:   782        SH:  0    Dex: 16    Spells: 11/11 levels left

rFire    + . .     SeeInvis +   b - +2 battleaxe (freeze)
rCold    . . .     Gourm    .   (no shield)
rNeg     . . .     Faith    .   v - +0 chain mail
rPois    .         Spirit   .   (helmet unavailable)
rElec    .         Reflect  .   z - +0 cloak
rCorr    .         Harm     .   (no gloves)
MR       +....                  L - +1 pair of boots
Stlth    ..........             (no amulet)
HPRegen  0.26/turn              C - ring of protection from fire
MPRegen  0.17/turn              k - +6 ring of dexterity

@: no status effects
A: permanent stasis, dig shafts and tunnels, four strong arms, antennae 3
a: Dig, Shaft Self, Depart the Abyss, Bend Space, Renounce Religion


You were on level 1 of the Lair of Beasts.
You worshipped Lugonu.
Lugonu was pleased with you.
You were not hungry.

You visited 2 branches of the dungeon, and saw 12 of its levels.
You visited the Abyss 3 times.
You also visited: Ossuary.

You collected 782 gold pieces.

Inventory:

Hand Weapons
 a - a +2 hand axe of electrocution
 b - a +2 battleaxe of freezing (weapon)
 P - a +0 war axe of electrocution
 S - a +2 vorpal war axe
Missiles
 f - 306 stones (quivered)
 g - 36 poisoned darts
 i - 10 javelins
 t - 8 curare-tipped darts
 K - 42 sling bullets
Armour
 v - a +0 chain mail (worn)
 z - a +0 cloak (worn)
 L - a +1 pair of boots (worn)
Jewellery
 k - a +6 ring of dexterity (right hand)
 r - an uncursed ring of protection from magic
 C - a ring of protection from fire (left hand)
 T - an uncursed ring of magical power
Wands
 n - a wand of flame (32)
 o - a wand of disintegration (23)
 M - a wand of polymorph (8)
 O - a wand of paralysis (8)
 R - a wand of acid (12)
Scrolls
 h - 2 scrolls of enchant weapon
 j - a scroll of silence {unknown}
 l - a scroll of fog {unknown}
 m - a scroll of enchant armour
 p - 8 scrolls of remove curse
 w - 2 scrolls of fear
 y - a scroll of amnesia {unknown}
 B - a scroll of acquirement {unknown}
 D - 2 scrolls of immolation
 I - a scroll of torment {unknown}
Potions
 d - 3 potions of lignification
 e - a potion of might
 q - 3 potions of heal wounds
 u - 3 potions of flight
 x - 3 potions of curing
 A - a potion of magic
 E - 2 potions of stabbing
 G - a potion of cancellation
 H - 2 potions of brilliance
Comestibles
 c - 14 rations
 s - 4 chunks of flesh


   Skills:
 + Level 10.5 Fighting
 * Level 12.9 Axes
 - Level 2.1 Armour
 - Level 0.8 Dodging
 + Level 12.5 Invocations


You had 11 spell levels left.
You didn't know any spells.
Your spell library contained the following spells:

 Spells                   Type           Power        Failure   Level  Hunger
 Animate Skeleton         Necr           N/A          97%         1    ##.....
 Apportation              Tloc           #.....       97%         1    ##.....
 Beastly Appendage        Tmut           #.....       97%         1    ##.....
 Corona                   Hex            #......      97%         1    ##.....
 Shock                    Conj/Air       #...         97%         1    ##.....
 Summon Small Mammal      Summ           #...         97%         1    ##.....
 Sticks to Snakes         Tmut           #.......     99%         2    ###....
 Spider Form              Tmut/Pois      #.........   100%        3    ####...
 Static Discharge         Conj/Air       #.......     100%        3    ####...
 Airstrike                Air            #.........   100%        4    #####..
 Ice Form                 Ice/Tmut       #.......     100%        4    #####..
 Blade Hands              Tmut           #.........   100%        5    ######.
 Lightning Bolt           Conj/Air       #.........   100%        5    ######.
 Swiftness                Chrm/Air       Unusable     N/A         2    N/A

Dungeon Overview and Level Annotations

Branches:
Dungeon (11/15)            Temple (0/1) D:4            Lair (1/6) D:8
Ossuary (visited)
    Orc: D:9-12

Altars:
Cheibriados
Fedhas
Gozag
Kikubaaqudgha
Nemelex Xobeh
Okawaru
Qazlal
Ru
Sif Muna
Uskayaw
Zin
The Shining One

Annotations:
D:5 exclusion: downstairs
D:7 exclusion: downstairs
D:8 exclusion: downstairs
D:10 3 runed translucent doors, exclusion: downstairs


Innate Abilities, Weirdness & Mutations

You cannot be hasted, slowed, berserked, paralysed or teleported.
You can dig through walls and to a lower floor.
Your four strong arms can wield two-handed weapons with a shield.
You have a pair of large antennae on your head. (SInv)


Message History

The 11-headed hydra bites you.
* * * LOW HITPOINT WARNING * * *
The 11-headed hydra barely misses you. The 11-headed hydra bites you.
* * * LOW HITPOINT WARNING * * *
The 11-headed hydra bites you.
* * * LOW HITPOINT WARNING * * *
The 11-headed hydra bites you but does no damage.
You chop one of the 11-headed hydra's heads off!
The ten-headed hydra grows two more!
You slice the 12-headed hydra!!
The 12-headed hydra seems to slow down.
You freeze the 12-headed hydra!
The 12-headed hydra is heavily wounded.
The 12-headed hydra bites you.
* * * LOW HITPOINT WARNING * * *
The 12-headed hydra closely misses you. The 12-headed hydra bites you!
* * * LOW HITPOINT WARNING * * *
The 12-headed hydra bites you but does no damage.
The 12-headed hydra bites you.
* * * LOW HITPOINT WARNING * * *
The 12-headed hydra bites you.
You die...

..........
#..........
#............
#.........#....
#.#...... #....
##.#....####....#
#....D..........#####
#..@............##P#
#...................
#.#.##.#............
#P.####...#..........
♣♣..###≈.............
≈≈≈≈≈≈≈.............
≈≈≈≈≈P..............
≈≈≈≈≈≈P..............
≈≈P≈≈≈≈....####...##.


You could see a 12-headed hydra (slow).

Vanquished Creatures
  2 black mambas
  Joseph (D:7)
  A gargoyle (D:11)
  2 spiny frogs (Lair:1)
  A komodo dragon (D:8)
  Grinder (D:6)
  A blink frog (Lair:1)
  2 hippogriffs (D:9)
  A spriggan (D:8)
  2 yaks
  A basilisk (Lair:1)
  2 wyverns
  2 hungry ghosts
  Eustachio (D:4)
  A water moccasin (Lair:1)
  3 black bears
  4 porcupines
  An orc warrior (D:11)
  5 sky beasts
  6 ice beasts
  An eye of draining (D:10)
  5 ogres
  A phantom (D:5)
  A wolf (Lair:1)
  5 centaurs
  4 crocodiles
  A gnoll sergeant (D:6)
  3 big kobolds
  5 bullfrogs
  6 water moccasin zombies (Ossuary)
  A wyvern skeleton (D:6)
  7 scorpions
  9 wights
  3 crimson imps
  3 howler monkeys (D:9)
  A centaur zombie (D:8)
  A bullfrog skeleton (D:4)
  2 jellies
  4 orc priests
  3 centaur skeletons
  4 hounds
  7 orc wizards
  Natasha (thrice) (D:3)
  Terence (D:3)
  2 iguanas (D:8)
  Ijyb (D:2)
  10 worker ants
  2 mummies (Ossuary)
  2 hound zombies (D:6)
  A hound skeleton (D:7)
  2 howler monkey zombies (D:8)
  2 worker ant zombies
  7 adders
  4 gnolls
  A shadow imp (D:9)
  An ooze (D:4)
  3 adder skeletons
  7 adder zombies
  2 worms
  A dart slug (D:1)
  5 leopard geckos
  27 orcs
  8 bats
  4 giant cockroaches
  2 gnoll zombies (Ossuary)
  8 goblins
  5 hobgoblins
  11 jackals
  26 kobolds
  5 quokkas
  A ball python (D:2)
  5 frilled lizards
  A goblin skeleton (D:4)
  A goblin zombie (D:4)
  10 hobgoblin zombies
  A kobold skeleton (D:4)
  7 kobold zombies
  A leopard gecko skeleton (D:8)
  2 orc zombies (Ossuary)
  A quokka skeleton (D:7)
  A quokka zombie (D:6)
  9 rats
310 creatures vanquished.

Vanquished Creatures (others)
  2 hydras
  A two-headed ogre (D:10)
  3 spiny frogs
  A blink frog (D:8)
  A hornet (D:8)
  3 yaks (D:8)
  A porcupine (D:8)
  3 ice beasts (D:8)
  2 wolves (D:8)
  An orc priest (D:10)
  25 fungi
  14 plants
57 creatures vanquished.

Grand Total: 367 creatures vanquished

Notes
Turn   | Place    | Note
-------+----------+-------------------------------------------
     0 | Abyss:1  | nightchill the Formicid Abyssal Knight began the quest for
                  | the Orb.
     0 | Abyss:1  | Reached XP level 1. HP: 18/18 MP: 2/2
     7 | D:1      | Escaped the Abyss
   186 | D:1      | Reached XP level 2. HP: 13/24 MP: 3/3
   196 | D:1      | HP: 1/24 [kobold/+0 short sword (3)]
   796 | D:1      | Reached ** piety under Lugonu
   796 | D:1      | Reached XP level 3. HP: 25/29 MP: 4/4
  2062 | D:2      | Reached XP level 4. HP: 27/37 MP: 6/6
  2606 | D:3      | Noticed Ijyb
  2634 | D:2      | Killed Ijyb
  3024 | D:3      | Reached XP level 5. HP: 41/42 MP: 7/7
  3046 | D:3      | Noticed Terence
  3064 | D:3      | Killed Terence
  3237 | D:3      | Found an opulent altar of Gozag.
  3266 | D:3      | Found a blossoming altar of Fedhas.
  3520 | D:3      | Noticed Natasha
  3523 | D:3      | Killed Natasha
  3523 | D:3      | Reached XP level 6. HP: 48/48 MP: 9/9
  3801 | D:3      | Noticed Natasha
  3802 | D:3      | Killed Natasha
  3865 | D:3      | Found an opulent altar of Gozag.
  3885 | D:3      | Found a blossoming altar of Fedhas.
  4048 | D:3      | Noticed Natasha
  4063 | D:3      | Killed Natasha
  4187 | D:4      | Noticed an ogre
  4191 | D:4      | Killed an ogre
  4191 | D:4      | Reached skill level 5 in Invocations
  4214 | D:4      | Reached *** piety under Lugonu
  4218 | D:4      | Found a glowing golden altar of the Shining One.
  4222 | D:4      | Reached XP level 7. HP: 55/55 MP: 10/10
  4316 | D:4      | Found a staircase to the Ecumenical Temple.
  4325 | D:4      | Noticed Eustachio
  4336 | D:4      | Killed Eustachio
  4336 | D:4      | Reached skill level 5 in Axes
  4396 | D:4      | Found a shimmering blue altar of Sif Muna.
  4413 | D:4      | Reached skill level 5 in Fighting
  4598 | D:4      | Found a sparkling altar of Nemelex Xobeh.
  4655 | D:4      | Found a glowing silver altar of Zin.
  4822 | D:5      | Entered Level 5 of the Dungeon
  4842 | D:5      | Reached XP level 8. HP: 60/62 MP: 12/12
  5102 | D:5      | Found an iron altar of Okawaru.
  6013 | D:5      | Found a hide-covered altar of Uskayaw.
  6889 | D:6      | Reached XP level 9. HP: 45/69 MP: 13/15
  7135 | D:6      | Reached **** piety under Lugonu
  7243 | D:6      | Noticed Grinder
  7447 | D:6      | Found a sacrificial altar of Ru.
  7634 | D:6      | Killed Grinder
  7891 | D:7      | Found an ancient bone altar of Kikubaaqudgha.
  7954 | D:7      | Found a sand-covered staircase.
  7957 | Ossuary  | Entered an ossuary
  8983 | D:7      | Noticed Joseph
  9002 | D:7      | Killed Joseph
  9216 | D:7      | Reached XP level 10. HP: 77/79 MP: 17/17
  9635 | D:7      | Found a snail-covered altar of Cheibriados.
  9993 | D:8      | Reached skill level 10 in Invocations
 10473 | D:8      | Reached ***** piety under Lugonu
 11107 | D:8      | Reached skill level 10 in Axes
 11306 | D:8      | Found a staircase to the Lair.
 11664 | D:9      | Noticed an eight-headed hydra
 12170 | D:9      | Banished an eight-headed hydra
 12170 | D:9      | Reached XP level 11. HP: 71/87 MP: 14/19
 12892 | D:9      | Found a stormy altar of Qazlal.
 13473 | D:10     | Entered Level 10 of the Dungeon
 13997 | D:10     | Found a runed translucent gate.
 14666 | D:10     | Noticed a two-headed ogre
 14669 | D:10     | Banished a two-headed ogre
 14867 | D:10     | Found a runed translucent gate.
 14867 | D:10     | Noticed a purple ugly thing
 14867 | D:10     | Noticed a white ugly thing
 14868 | D:10     | Found a runed translucent gate.
 14868 | D:10     | Noticed a white ugly thing
 14868 | D:10     | Noticed a purple ugly thing
 14869 | D:10     | Noticed a white ugly thing
 14869 | D:10     | Noticed a green ugly thing
 14963 | Lair:1   | Entered Level 1 of the Lair of Beasts
 14963 | Lair:1   | Noticed a four-headed hydra
 14964 | Lair:1   | Banished a four-headed hydra
 16701 | Lair:1   | Noticed a five-headed hydra
 17013 | D:8      | Banished a five-headed hydra
 17013 | D:8      | Reached skill level 10 in Fighting
 17216 | D:8      | Reached XP level 12. HP: 32/97 MP: 16/21
 17721 | D:11     | Cast into level 2 of the Abyss (wight)
 17724 | Abyss:2  | Noticed an unseen horror
 17734 | Abyss:2  | Noticed an eidolon
 17735 | D:11     | Escaped the Abyss
 18043 | D:11     | Cast into level 1 of the Abyss (wight)
 18147 | Abyss:1  | Found a corrupted altar of Lugonu.
 18149 | Abyss:1  | Noticed a wretched star
 18150 | D:11     | Escaped the Abyss
 18407 | D:11     | Noticed a skeletal warrior
 18408 | D:11     | Noticed a skeletal warrior
 18409 | D:11     | Noticed a skeletal warrior
 18419 | D:11     | Noticed a skeletal warrior
 18433 | D:11     | HP: 3/97 [skeletal warrior/+1 vorpal battleaxe (27)]
 18433 | D:11     | HP: 1/97 [skeletal warrior/+1 vorpal battleaxe (2)]
 19641 | Lair:1   | Noticed a seven-headed hydra
 19762 | Lair:1   | HP: 2/98 [12-headed hydra (4)]
 19762 | Lair:1   | Slain by a 12-headed hydra

Illustrated notes

Levels and vault maps discovered:
D:1:      dpeg_arrival_tiny_d, layout_rooms
D:2:      layout_basic, first_ration
D:3:      layout_loops_ring, lemuel_crystal_altar, grunt_gozag_statues,
          st_stairs_10, serial_bayou_pond_d, uniq_terence, uniq_natasha,
          uniq_ijyb
D:4:      layout_loops_cross, kennysheep_mini, nicolae_tso_besieged_by_evil,
          nemelex_xobeh_ov_fountains_minmay, lemuel_round_altar,
          minmay_temple_entry_sparse_star, uniq_eustachio
D:5:      layout_loops_ring, nicolae_overflow_hidden_temple
D:6:      layout_loops_cross, lemuel_altar_in_water, uniq_grinder
D:7:      layout_cave_pods, overflow_temple_1_default, cheibriados_altar_1,
          lightli_ossuary_entry_decrepit_ruins, uniq_joseph
D:8:      layout_cave_pools, due_lair_maze_entry_diamond, grunt_pizzeria,
          grunt_ministairs_8, mrwooster_statue_mirror
D:9:      layout_irregular_city, overflow_temple_1_default,
          chequers_hall_statues_corner_a, minmay_circle_x
D:10:     layout_cross, ploomutoo_gammafunk_ghost_potion_laboratory
D:11:     layout_loops_cross, minmay_orc_entry_temple_large, fedhas_altar_1
Lair:1:   layout_chaotic_city, portal_ice_cave_entry_ice_beasts,
          nzn_random_ring, serial_bayou_shore_a, grunt_megastairs_3,
          lemuel_fruit_fields

Skill      XL: |  1  2  3  4  5  6  7  8  9 10 11 |
---------------+----------------------------------+-----
Axes           | 3 4 5 7 8 10 12 | 12.9
Invocations    | 3 4 5 6 8 9 11 12 | 12.5
Fighting       | 4 5 6 7 8 10 | 10.5
Armour         | |  2.1
Dodging        | |  0.8

Action                   |  1- 3 |  4- 6 |  7- 9 | 10-12 || total
-------------------------+-------+-------+-------+-------++-------
Melee: Hand axe          |   112 |   104 |   348 |   450 ||  1014
       Battleaxe         |       |       |       |    84 ||    84
       War axe           |       |       |       |    29 ||    29
Invok: Banish            |       |       |       |    22 ||    22
       Depart the Abyss  |       |       |       |     2 ||     2
 Abil: Dig               |     1 |       |     6 |     5 ||    12
Evoke: Wand              |       |       |       |     4 ||     4
  Use: Scroll            |       |       |    17 |     9 ||    26
       Potion            |       |       |       |     4 ||     4
  Eat: Chunk             |     4 |     5 |     6 |    24 ||    39
       Ration            |       |     1 |     3 |     5 ||     9
Armor: Leather armour    |    34 |     6 |       |       ||    40
       Scale mail        |       |    11 |       |       ||    11
       Chain mail        |       |    25 |   152 |   273 ||   450
Dodge: Dodged            |    76 |    45 |   100 |   198 ||   419
